cohdb
Replays
Latest Replays
All Replays
Popular Replays
Top Player Replays
Match Explorer
How It Works
Community
CoH3 Stats
Reddit
Sign in to upload your games and track your stats! →
Sign in with Steam
Match 45547812
Unlisted
Match 45547812
Overview
Messages
Build Orders
End
Kradschützen Motorcycle Team
Selects Panzerjäger Kommand Battlegroup
Selects Mine Fields
Panzergrenadier Squad
250 Light Carrier
Panzergrenadier Squad
Panzergrenadier Squad
Construct Light Support Kompanie
Selects GrB 39 Grenade Launcher Requisition
Construct Mechanized Kompanie
8 Rad Armored Car
Combat Half-tracks
Assault Mechanized Group
Support Armor Elements
2.5-tonne Medical Truck
StuG III D Assault Gun
Panzerjäger Mechanized Group
Selects Defensive Positions
Selects Butterfly Bomb Drop
Makros
PAX AJAX
0
0
Comments
sign in to comment!
No comments posted yet!